 Dungeon Crawl Stone Soup version 0.28.0 (webtiles) character file.

Game seed: 15950209730564814438

462 psuckher the Sneak (level 6, -8/47 HPs)
             Began as a Demonspawn Delver on Feb 15, 2022.
             Killed by divine providence
             ... invoked by an orc priest
              (15 damage)
             ... on level 4 of the Dungeon.
             The game lasted 00:18:40 (3834 turns).

psuckher the Sneak (Demonspawn Delver)              Turns: 3834, Time: 00:18:41

Health: -8/47      AC: 13    Str: 15    XL:     6   Next: 79%
Magic:  0/6        EV:  7    Int: 11    God:
Gold:   120        SH:  0    Dex: 14    Spells: 5/5 levels left

rFire   . . .      SeeInvis .   a - +1 hand axe
rCold   . . .      Faith    .   (no shield)
rNeg    . . .      Spirit   +   p - +1 plate armour
rPois   .          Reflect  .   (helmet restricted)
rElec   .          Harm     .   h - +0 cloak
rCorr   .          Rampage  .   (no gloves)
Will    .....                   (no boots)
Stlth   ..........              l - amulet of guardian spirit
HPRegen 0.15/turn               n - ring of flight
MPRegen 0.10/turn               (no ring)

@: flying
A: horns 1, repulsion field 1, ignite blood 1, demonic magic 2
a: no special abilities


You were on level 4 of the Dungeon.
You visited 1 branch of the dungeon, and saw 5 of its levels.

You collected 120 gold pieces.

Inventory:

Hand Weapons
 a - a +1 hand axe (weapon)
 e - a +1 dagger of draining
 k - a +0 short sword of venom
Armour
 b - a +0 leather armour
 h - a +0 cloak (worn)
 p - a +1 plate armour (worn)
Magical Staves
 s - a staff of cold
Jewellery
 i - a ring of ice
 l - an amulet of guardian spirit (around neck)
 n - a ring of flight (left hand)
Wands
 g - a wand of digging (3)
Scrolls
 c - a scroll of fog
 d - a scroll of magic mapping
 j - a scroll of amnesia
 m - 4 scrolls of teleportation
Potions
 f - a potion of haste
 r - a potion of brilliance {unknown}


   Skills:
 + Level 3.6 Fighting
 + Level 4.8 Axes
 + Level 2.3 Armour
 + Level 2.7 Dodging
 + Level 5.2 Stealth


You had 5 spell levels left.
You didn't know any spells.
Your spell library contained the following spells:

 Spells                   Type           Power      Damage    Failure   Level
 Apportation              Tloc           0%         N/A       100%        1
 Gell's Gravitas          Tloc           0%         N/A       100%        3
 Lesser Beckoning         Tloc           0%         N/A       100%        3
 Teleport Other           Tloc           0%         N/A       100%        3
 Alistair's Intoxication  Tmut/Pois      0%         N/A       100%        5


Dungeon Overview and Level Annotations

Branches:
Dungeon (5/15)
 Temple: D:4-7

Altars:
Xom
The Shining One

Shops:
D:2 *


Innate Abilities, Weirdness & Mutations

You have a pair of small horns on your head.
You are surrounded by a mild repulsion field. (EV +2)
Your demonic aura sometimes causes spilled blood to erupt in flames.
Spells you cast may paralyse nearby enemies.


Message History

The orc priest begins to cast a cantrip, but forgets the words!
The orc wizard points at you and mumbles some strange words.
You resist with some effort.
The orc priest shouts!
You barely miss the orc priest. The orc priest barely misses you.
You hit the orc priest but do no damage.
The orc priest hits you but does no damage.
The orc wizard casts a spell at you.
You are confused.
The orc priest invokes the aid of Beogh against you.
Beogh smites you!
The orc wizard casts a spell.
The orc wizard flickers and vanishes!
Deactivating autopickup; reactivate with Ctrl-A.
The orc priest invokes the aid of Beogh against you.
Pain shoots through your body!
You miss the orc priest.
The orc priest hits you but does no damage.
You are too confused!
There are monsters nearby!
You bump into the metal wall.
Something hits you but does no damage.
The orc priest hits you with a +0 hand axe.
You miss the orc priest. You headbutt the orc priest.
The orc priest is lightly wounded.
You completely miss something. Something hits you but does no damage.
The orc priest calls down the wrath of Beogh upon you.
Beogh smites you!
* * * LOW HITPOINT WARNING * * *
You barely miss the orc priest.
The orc priest is lightly wounded.
You hit the orc priest. You hit something but do no damage.
You feel less confused. Something hits you but does no damage.
The orc priest hits you but does no damage.
The orc priest barely misses you.
It was a potion of curing.
You feel better. Something hits you but does no damage.
The orc priest calls down the wrath of Beogh upon you.
Beogh smites you!
You die...

.......#.###.#.....#..[..#.....##
.......####..#..)..#....##.....#
.......###...'...(.)...###.....#
.......##....#.....#..####.....#
.......#.....#.....#.###.#.....#
.......#....####'######..#.....#
.......'...###.....###...'.#####
.####..#..###..o..###....#.# .#
##.#.###...{@###.....#.# .#
#.####....o###.....##)# #.#
#.....###.....###)#
...####'#######'#####.#
................).....#
.#.........############
#...........# ##.........#
#.........#


You could see 2 orc priests.

Vanquished Creatures
  An ogre (D:4)
  A scorpion (D:4)
  2 jellies
  A hound (D:4)
  An orc priest (D:4)
  Jessica (D:2)
  Robin (D:2)
  A howler monkey skeleton (D:4)
  2 adders (D:2)
  An ufetubus (D:4)
  2 worms (D:2)
  6 dart slugs
  8 orcs (D:4)
  5 bats
  10 endoplasms
  7 giant cockroaches (D:1)
  15 goblins
  10 hobgoblins
  11 jackals
  4 quokkas
  5 ball pythons
  A frilled lizard (D:1)
  4 kobolds
  A quokka skeleton (D:4)
  12 rats
113 creatures vanquished.

Notes
Turn   | Place    | Note
-------+----------+-------------------------------------------
     0 | D:5      | psuckher the Demonspawn Delver began the quest for the Orb.
     0 | D:5      | Reached XP level 1. HP: 18/18 MP: 1/1
    37 | D:4      | Gained mutation: You are surrounded by a mild repulsion
                  | field. (EV +2) [demonic ancestry]
    37 | D:4      | Reached XP level 2. HP: 8/24 MP: 2/2
   344 | D:4      | Noticed an ogre
   384 | D:3      | Noticed a steam dragon
   470 | D:2      | Found Ikuzxiwn's General Store.
   504 | D:2      | Reached skill level 5 in Stealth
   515 | D:2      | Gained mutation: You have a pair of small horns on your
                  | head. [demonic ancestry]
   515 | D:2      | Reached XP level 3. HP: 13/29 MP: 3/3
   586 | D:1      | Found a runed translucent door.
  1024 | D:1      | Found a faded altar of an unknown god.
  1125 | D:1      | Reached skill level 1 in Armour
  1436 | D:1      | Gained mutation: Spells you cast may paralyse adjacent
                  | enemies. [demonic ancestry]
  1436 | D:1      | Reached XP level 4. HP: 35/35 MP: 4/4
  2118 | D:2      | Gained mutation: Your demonic aura sometimes causes spilled
                  | blood to erupt in flames. [demonic ancestry]
  2118 | D:2      | Reached XP level 5. HP: 37/41 MP: 5/5
  2245 | D:2      | Noticed Jessica
  2279 | D:2      | Killed Jessica
  2281 | D:2      | Noticed Robin
  2308 | D:2      | Killed Robin
  2689 | D:2      | Found a shimmering altar of Xom.
  3364 | D:4      | Gained mutation: Spells you cast may paralyse nearby
                  | enemies. [demonic ancestry]
  3364 | D:4      | Reached XP level 6. HP: 38/47 MP: 4/6
  3832 | D:4      | HP: 2/47 [orc priest/divine providence (13)]
  3834 | D:4      | Killed from afar by an orc priest

Illustrated notes

Levels and vault maps discovered:
D:1:      dpeg_arrival_caged_fury, layout_rooms,
          hellmonk_ecumenical_altar_dog_temple
D:2:      layout_loops_ring, serial_shops, nicolae_shop_crystal, basic_altar,
          kennysheep_generic_room_16, uniq_jessica, uniq_robin
D:3:      layout_rooms, mainiacjoe_overflow_alcove_4, uniq_ijyb
D:4:      layout_basic, kennysheep_mini, minmay_temple_entry_nine_rooms,
          minmay_quadrilaterals
D:5:      layout_cave_pools

Skill      XL: |  1  2  3  4  5  6 |
---------------+-------------------+-----
Axes           | 2 3 4 |  4.8
Stealth        | 5 |  5.2
Dodging        | 2 |  2.7
Armour         | 1 2 |  2.3
Fighting       | |  3.6

Action                   |  1- 3 |  4- 6 || total
-------------------------+-------+-------++-------
Melee: Hand axe          |    98 |   189 ||   287
       Punch             |     1 |     6 ||     7
       Headbutt          |     9 |    32 ||    41
  Use: Scroll            |     3 |     4 ||     7
       Potion            |       |     4 ||     4
 Stab: Sleeping          |     6 |       ||     6
Armor: Leather armour    |    32 |    33 ||    65
       Plate armour      |       |    36 ||    36
Dodge: Dodged            |   100 |   145 ||   245
